 Dungeon Crawl Stone Soup version 0.30-a0-760-g5a9884bb7c (webtiles) character file.

Game seed: 15759985491568255534

87 pokeman the Magician (level 4, -2/25 HPs)
             Began as a Deep Elf Hedge Wizard on Feb 11, 2023.
             Constricted to death by Robin (5 damage)
             ... on level 2 of the Dungeon.
             The game lasted 00:03:43 (2083 turns).

pokeman the Magician (Deep Elf Hedge Wizard)        Turns: 2083, Time: 00:03:43

Health: -2/25      AC:  3    Str:  7    XL:     4   Next: 28%
Magic:  5/13       EV:  9    Int: 21    God:
Gold:   28         SH:  0    Dex: 14    Spells: 6/14 levels left

rFire   . . .      SeeInvis .    v - +0 dagger (venom)
rCold   . . .      Faith    .    (no shield)
rNeg    . . .      Spirit   .    b - +0 robe
rPois   +          Reflect  .    c - +0 hat
rElec   .          Harm     .    (no cloak)
rCorr   .          Rampage  .    j - +0 pair of gloves
Will    .....                    (no boots)
Stlth   ++                       (no amulet)
HPRegen 0.24/turn                s - ring of poison resistance
MPRegen 0.13/turn                (no ring)

@: grasped by roots, constricted
A: no striking features
a: no special abilities


You were on level 2 of the Dungeon.
You visited 1 branch of the dungeon, and saw 2 of its levels.

You collected 28 gold pieces.

Inventory:

Hand Weapons
 v - a +0 dagger of venom (weapon)
Missiles
 o - a throwing net
Armour
 b - a +0 robe (worn)
 c - a +0 hat (worn)
 j - a +0 pair of gloves (worn)
Jewellery
 s - a ring of poison resistance (left hand)
Wands
 p - a wand of digging (3)
 u - a wand of acid (6)
Scrolls
 e - a scroll of enchant armour {unknown}
 f - a scroll of teleportation {unknown}
 g - a scroll of vulnerability {unknown}
 i - a scroll of fog {unknown}
 l - a scroll of amnesia {unknown}
 m - a scroll of fear {unknown}
 t - 2 scrolls of immolation {unknown}
Potions
 d - 3 potions of magic
 h - a potion of degeneration {unknown}
 k - a potion of heal wounds {unknown}
 n - a potion of berserk rage {unknown}
 q - 2 potions of curing {unknown}
 r - a potion of might {unknown}


   Skills:
 - Level 1.1 Fighting
 - Level 1.2 Armour
 + Level 2.4 Dodging
 + Level 2.5 Stealth
 * Level 5.6 Spellcasting
 + Level 2.1 Conjurations
 - Level 1.1 Summonings
 - Level 1.1 Translocations


You had 6 spell levels left.
You knew the following spells:

 Your Spells              Type           Power      Damage    Failure   Level
a - Magic Dart            Conj           60%        1d6       4%          1
b - Mephitic Cloud        Conj/Pois/Air  8%         N/A       22%         3
c - Call Imp              Summ           10%        N/A       10%         2
d - Blink                 Tloc           20%        N/A       10%         2

Your spell library contained the following spells:

 Spells                   Type           Power      Damage    Failure   Level
 Slow                     Hex            20%        N/A       10%         1
 Cigotuvi's Dreadful Rot  Necr/Pois/Air  10%        N/A       16%         2


Dungeon Overview and Level Annotations

Branches:
Dungeon (2/15)

Altars:

Annotations:
D:2 Robin, Sigmund


Message History

The goblin is severely wounded.
You kill the goblin!
Your iron imp hits the orc but does no damage.
The orc misses you. Robin throws the goblin at you!
The grasping roots constrict your iron imp.
You hit the goblin.
The goblin is poisoned.
The goblin is severely wounded.
Your iron imp hits the orc!
The orc dies!
The goblin barely misses you.
The grasping roots constrict your iron imp.
You hit the goblin.
You kill the goblin!
Your iron imp hits the orc.
The orc completely misses your iron imp.
The grasping roots constrict your iron imp.
The roots lose their grip on your iron imp.
Your iron imp disappears in a puff of smoke!
Robin throws the goblin at you! The goblin closely misses you.
Items here: ))) ? [ †.
You hit the goblin.
You kill the goblin!
You hit the orc but do no damage.
The orc is poisoned.
The orc is moderately wounded.
The orc hits you with a +0 club.
Robin zaps a wand.
The roots erupt in riotous growth!
The orc is unaffected.
The grasping roots grab you! The grasping roots constrict you.
* * * LOW HITPOINT WARNING * * *
Unknown command.
Casting: Magic Dart (safe; 4% risk of failure)
Confirm with . or Enter, or press ? or * to list all spells.
A beastly little devil appears in a puff of flame.
The orc hits you but does no damage. The grasping roots constrict you.
* * * LOW HITPOINT WARNING * * *
You escape the roots grasp.
Robin zaps a wand.
The roots erupt in riotous growth!
The orc is unaffected.
The grasping roots grab you! The grasping roots constrict you.
You die...

.....g .# ...... #.####
..g... #....#####.>#....
.....g# #................
....... #.............(..
....... #................
.......#####................
......ggg.o@5.............#
############)...........†.##
########)####...........
#........# #...........
#........# #...........
#........####...........
#...........#...........
#...........#...........
####.......................


You could see Robin (resistant), an orc (poisoned, ally target), 2 hobgoblins
and a friendly crimson imp (summoned).

Vanquished Creatures
  An orc wizard (D:2)
  An adder (D:2)
  An orc (D:2)
  5 ball pythons
  2 endoplasms (D:1)
  A giant cockroach (D:1)
  11 goblins
  7 hobgoblins
  4 jackals (D:2)
  A quokka (D:1)
  A bat (D:2)
  4 frilled lizards (D:1)
  A kobold (D:1)
  4 rats
44 creatures vanquished.

Vanquished Creatures (collateral kills)
  2 orcs (D:2)
2 creatures vanquished.

Grand Total: 46 creatures vanquished

Notes
Turn   | Place    | Note
-------+----------+-------------------------------------------
     0 | D:1      | pokeman the Deep Elf Hedge Wizard began the quest for the
                  | Orb.
     0 | D:1      | Reached XP level 1. HP: 10/10 MP: 7/7
   393 | D:1      | Reached XP level 2. HP: 15/15 MP: 3/9
  1188 | D:1      | Reached skill level 5 in Spellcasting
  1476 | D:2      | Noticed Sigmund
  1640 | D:2      | Reached XP level 3. HP: 13/20 MP: 2/11
  1665 | D:2      | Learned a level 3 spell: Mephitic Cloud
  1668 | D:2      | Learned a level 2 spell: Call Imp
  1671 | D:2      | Learned a level 2 spell: Blink
  1948 | D:2      | Noticed Robin
  1957 | D:2      | Reached skill level 1 in Armour
  2067 | D:2      | Reached skill level 1 in Fighting
  2067 | D:2      | Reached XP level 4. HP: 12/25 MP: 7/13
  2083 | D:2      | Constricted to death by Robin

Illustrated notes

Levels and vault maps discovered:
D:1:      minmay_arrival_widening_spiral_wide, layout_loops_corners
D:2:      layout_basic, uniq_robin, uniq_sigmund

Skill      XL: |  1  2  3 |
---------------+----------+-----
Spellcasting   | 5 |  5.6
Armour         | 1 |  1.2
Fighting       | 1 |  1.1
Conjurations   | 2 |  2.1
Dodging        | |  2.4
Stealth        | |  2.5
Summonings     | |  1.1
Translocations | |  1.1

Action                     |  1- 3 |  4- 6 || total
---------------------------+-------+-------++-------
  Melee: Dagger            |    25 |     9 ||    34
         Punch             |     1 |       ||     1
   Cast: Magic Dart        |    90 |     2 ||    92
         Call Imp          |     1 |     1 ||     2
         Mephitic Cloud    |     1 |       ||     1
   Stab: Confused          |     1 |       ||     1
 Armour: Robe              |    10 |     6 ||    16
  Dodge: Dodged            |    41 |     8 ||    49

Table legend: (Time is in decaauts)
 A = Elapsed time spent in this place.
 B = Non-inter-level travel time spent in this place.
 C = Inter-level travel time spent in this place.
 D = Time resting spent in this place.
 E = Time spent auto-exploring this place.
 F = Levels seen in this place.
 G = Mean time per level.
                   A        B        C        D        E       F      G
               +--------+--------+--------+--------+--------+-----+--------+
         Total |   2081 |   2075 |      6 |    196 |   1608 |   2 | 1040.5 |
       Dungeon |   2081 |   2075 |      6 |    196 |   1608 |   2 | 1040.5 |
               +--------+--------+--------+--------+--------+-----+--------+

Top non-repeatable levels by time:
     D:1: 1372 daAuts
     D:2: 709 daAuts
